 Dungeon Crawl Stone Soup version 0.30-a0-462-gd5975ef (webtiles) character file.

Game seed: 5469571364713713670

6085 Illumine the Destroyer (level 10, 0/63 HPs)
             Began as a Gargoyle Conjurer on Dec 15, 2022.
             Slain by a centaur warrior
             ... wielding the +7 great mace "Undeadhunter" {disrupt, rN+}
              (4 damage)
             ... on level 9 of the Dungeon on Dec 16, 2022.
             The game lasted 00:22:44 (11810 turns).

Illumine the Destroyer (Gargoyle Conjurer)         Turns: 11810, Time: 00:22:45

Health: 0/63       AC: 19    Str: 15    XL:     10   Next: 88%
Magic:  8/20       EV: 11    Int: 28    God:
Gold:   510        SH:  6    Dex: 11    Spells: 1/22 levels left

rFire   + . .      SeeInvis +    P - +6 mace
rCold   + . .      Faith    .    H - +2 buckler
rNeg    + . .      Spirit   .    L - +3 leather armour
rPois   ∞          Reflect  .    M - +0 helmet {SInv}
rElec   +          Harm     .    (no cloak)
rCorr   .          Rampage  .    D - +2 pair of gloves
Will    .....                    n - +0 pair of boots "Daucev" {rC+ Str+3 Dex+3}
Stlth   ++........               (no amulet)
HPRegen 0.30/turn                e - ring of protection from fire
MPRegen 0.17/turn                J - +6 ring of intelligence

@: very slightly contaminated
A: sickness immunity, AC +7, negative energy resistance 1, electricity
resistance, torment resistance 1, petrification resistance
a: no special abilities


You were on level 9 of the Dungeon.
You visited 2 branches of the dungeon, and saw 10 of its levels.
You also visited: Sewer and Bailey.

You collected 697 gold pieces.
You spent 187 gold pieces at shops.

Inventory:

Hand Weapons
 P - a +6 mace (weapon)
Armour
 n - the +0 pair of boots "Daucev" (worn) {rC+ Str+3 Dex+3}
   (You found it in a bailey)

   Str:       It affects your strength (+3).
   Dex:       It affects your dexterity (+3).
   rC:        It protects you from cold.
 D - a +2 pair of gloves (worn)
 H - a +2 buckler (worn)
 L - a +3 leather armour (worn)
 M - a +0 helmet of see invisible (worn)
Jewellery
 e - a ring of protection from fire (left hand)
 l - a ring of resist corrosion
 p - a ring of ice
 I - a +6 ring of dexterity
 J - a +6 ring of intelligence (right hand)
 O - a ring of willpower
Wands
 b - a wand of flame (27)
 d - a wand of iceblast (8)
Scrolls
 c - 6 scrolls of teleportation
 f - 2 scrolls of poison
 g - 2 scrolls of fog
 h - 2 scrolls of fear
 j - 2 scrolls of torment
 r - a scroll of immolation {unknown}
 x - a scroll of enchant weapon {unknown}
 y - 2 scrolls of vulnerability {unknown}
 z - 2 scrolls of amnesia {unknown}
 C - 2 scrolls of blinking {unknown}
 E - a scroll of magic mapping {unknown}
 N - a scroll of noise {unknown}
Potions
 k - 5 potions of curing
 m - 4 potions of heal wounds
 o - 2 potions of might
 q - 5 potions of haste
 t - 2 potions of brilliance {unknown}
 u - 4 potions of mutation {unknown}
 v - a potion of ambrosia {unknown}
 w - a potion of attraction {unknown}
 B - a potion of cancellation {unknown}
 F - a potion of flight {unknown}
 G - a potion of lignification {unknown}
 K - a potion of resistance {unknown}
Miscellaneous
 s - a phial of floods


   Skills:
 + Level 7.1 Fighting
 + Level 4.7 Armour
 - Level 1.5 Dodging
 - Level 2.1 Stealth
 - Level 4.0 Shields
 + Level 6.9 Spellcasting
 - Level 8.0 Conjurations
 + Level 5.8 Hexes
 - Level 3.1 Summonings
 - Level 4.0 Translocations
 * Level 1.7 Transmutations
 * Level 1.6 Air Magic


You had one spell level left.
You knew the following spells:

 Your Spells              Type           Power      Damage    Failure   Level
a - Magic Dart            Conj           100%       1d8       1%          1
b - Searing Ray           Conj           100%       2d8       1%          2
c - Fulminant Prism       Conj/Hex       24%        3d12      4%          4
d - Iskenderun's Mystic   Conj/Tloc      43%        2d10      8%          4
e - Summon Guardian Gole  Hex/Summ       34%        N/A       4%          3
f - Storm Form            Tmut/Air       9%         N/A       100%        7

Your spell library contained the following spells:

 Spells                   Type           Power      Damage    Failure   Level
 Apportation              Tloc           64%        N/A       1%          1
 Sting                    Tmut/Pois      56%        1d5       6%          1
 Momentum Strike          Conj/Tloc      86%        3d10      1%          2
 Dazzling Flash           Conj/Hex       96%        N/A       1%          3
 Blink                    Tloc           64%        N/A       2%          2
 Lesser Beckoning         Tloc           64%        N/A       4%          3
 Mephitic Cloud           Conj/Pois/Air  27%        N/A       7%          3
 Poisonous Vapours        Pois/Air       28%        N/A       10%         2
 Manifold Assault         Tloc           32%        N/A       17%         4
 Silence                  Hex/Air        15%        N/A       45%         5
 Olgreb's Toxic Radiance  Pois           9%         N/A       65%         4
 Alistair's Intoxication  Tmut/Pois      9%         N/A       86%         5
 Agony                    Necr           9%         N/A       94%         5
 Orb of Destruction       Conj           26%        9d9       95%         7
 Spellforged Servitor     Conj/Summ      20%        N/A       100%        7
 Cigotuvi's Dreadful Rot  Necr/Pois/Air  Unusable   N/A       N/A         2

Dungeon Overview and Level Annotations

Branches:
Dungeon (9/15)             Temple (1/1) D:6           Sewer (visited)
 Bailey (visited)
   Lair: D:8-11         Orc: D:9-12

Altars:
Ashenzari
Cheibriados
Dithmenos
Elyvilon
Fedhas
Hepliaklqana
Kikubaaqudgha
Makhleb
Nemelex Xobeh
Okawaru
Qazlal
Ru
Sif Muna
Trog
Uskayaw
Vehumet
Wu Jian
Xom
Yredelemnul
Zin
The Shining One

Shops:
D:5 [   D:8 [

Annotations:
D:5 1 runed translucent door, AnyaLaVert's ghost, amateur HOFi; Grinder


Innate Abilities, Weirdness & Mutations

You are immune to sickness and miasma.
Your stone body is resilient. (AC +7)
You are immune to poison.
You resist negative energy. (rN+)
You are resistant to electric shocks. (rElec)
You are resistant to unholy torment.
You are immune to petrification.


Message History

Unknown command.
The centaur unwields a +0 shortbow.
The centaur wields a +0 rapier.
The centaur misses you.
The centaur kicks you but does no damage.
The centaur warrior hits you with the +7 great mace "Undeadhunter" {disrupt, rN+}!
You block the centaur warrior's attack.
A steam dragon comes into view.
You block the centaur warrior's attack.
The centaur warrior kicks you but does no damage.
The centaur hits you but does no damage.
The centaur barely misses you.
Casting: Iskenderun's Mystic Blast (dangerous; 8% risk of failure)
Confirm with . or Enter, or press ? or * to list all spells.
Okay, then.
Casting: Iskenderun's Mystic Blast (dangerous; 8% risk of failure)
Confirm with . or Enter, or press ? or * to list all spells.
You miscast Iskenderun's Mystic Blast.
You are very lightly contaminated with residual magic.
Nothing appears to happen.
The steam dragon hisses angrily.
The centaur warrior hits you with the +7 great mace "Undeadhunter" {disrupt, rN+}.
The centaur warrior barely misses you. The centaur hits you with a +0 rapier.
* * * LOW HITPOINT WARNING * * *
The centaur kicks you but does no damage.
Unknown command.
Casting: Iskenderun's Mystic Blast (dangerous; 8% risk of failure)
Confirm with . or Enter, or press ? or * to list all spells.
You erupt in a blast of force!
The mystic blast hits the centaur warrior.
The centaur warrior is moderately wounded.
The centaur warrior is knocked back by the mystic blast.
The centaur warrior slams into the rock wall!
The centaur warrior is moderately wounded.
The mystic blast hits the centaur!
The centaur is severely wounded.
The centaur is knocked back by the mystic blast.
The centaur warrior hits you with the +7 great mace "Undeadhunter" {disrupt, rN+}!
* * * LOW HITPOINT WARNING * * *
The centaur warrior kicks you.
You die...

####################
#................)..
#.........####......
#.#.......####......
#.#.................
#........###########
#....##### #.c@.#
#..#c# #....# #....#
#.#..# #....# #....#
#....#


You could see a centaur warrior and a centaur.

Vanquished Creatures
  An orc knight (Bailey)
  Pikel (D:6)
  10 yaks
  4 vampire mosquitoes (D:9)
  3 water moccasins
  3 orc warriors (Bailey)
  2 ice beasts
  2 black bears
  2 ogres
  A centaur (D:9)
  2 lemures (D:6)
  2 kobold brigands
  Blork the orc (D:5)
  5 bullfrogs
  A necrophage (D:8)
  A gnoll sergeant (D:8)
  5 wights (D:8)
  5 killer bees (D:9)
  3 howler monkeys (D:9)
  A gnoll bouda (D:5)
  5 hounds
  A jelly (D:8)
  3 orc priests
  Ijyb (D:4)
  4 iguanas
  An orc wizard (D:9)
  A hell rat (Sewer)
  8 gnolls
  9 adders
  2 river rats (D:6)
  7 white imps
  2 ufetubi
  5 worms
  4 dart slugs
  23 orcs
  9 ball pythons
  6 endoplasms
  4 giant cockroaches
  17 goblins
  5 hobgoblins
  7 jackals
  18 kobolds
  5 bats
  4 frilled lizards
  13 rats
219 creatures vanquished.

Vanquished Creatures (others)
  15 fulminant prisms
  41 plants (D:9)
56 creatures vanquished.

Grand Total: 275 creatures vanquished

Notes
Turn   | Place    | Note
-------+----------+-------------------------------------------
     0 | D:1      | Illumine the Gargoyle Conjurer began the quest for the Orb.
     0 | D:1      | Reached XP level 1. HP: 10/10 MP: 3/3
   254 | D:1      | Reached XP level 2. HP: 15/15 MP: 1/5
   271 | D:1      | Learned a level 2 spell: Searing Ray
   694 | D:1      | Reached skill level 5 in Conjurations
   841 | D:1      | Reached XP level 3. HP: 19/19 MP: 3/6
  1733 | D:2      | Reached XP level 4. HP: 24/24 MP: 6/8
  2926 | D:3      | Found a broken altar of Ashenzari.
  2927 | D:3      | Found a blossoming altar of Fedhas.
  2929 | D:3      | Found a shimmering blue altar of Sif Muna.
  2929 | D:3      | Found a white marble altar of Elyvilon.
  2933 | D:3      | Reached skill level 6 in Conjurations
  2933 | D:3      | Found a stormy altar of Qazlal.
  2933 | D:3      | Found a shadowy altar of Dithmenos.
  2935 | D:3      | Found a sacrificial altar of Ru.
  3265 | D:3      | Reached XP level 5. HP: 28/28 MP: 4/9
  3369 | D:3      | Learned a level 4 spell: Fulminant Prism
  3373 | D:3      | Learned a level 3 spell: Summon Guardian Golem
  3725 | D:4      | Noticed Ijyb
  3748 | D:4      | Killed Ijyb
  3749 | D:4      | Reached skill level 1 in Fighting
  4145 | D:4      | Reached skill level 1 in Hexes
  4145 | D:4      | Reached skill level 1 in Summonings
  4145 | D:4      | Reached XP level 6. HP: 34/34 MP: 4/11
  4528 | D:4      | Noticed a black bear
  4533 | D:4      | Killed a black bear
  4634 | D:5      | Entered Level 5 of the Dungeon
  4634 | D:5      | Noticed Blork the orc
  4965 | D:5      | Killed Blork the orc
  4966 | D:5      | Reached XP level 7. HP: 40/40 MP: 0/12
  5060 | D:5      | Found a runed translucent door.
  5060 | D:5      | Noticed AnyaLaVert's ghost (amateur HOFi)
  5395 | D:5      | Found Leeqobap's Antique Armour Emporium.
  5409 | D:5      | Bought a glowing buckler for 187 gold pieces
  5687 | D:5      | Reached skill level 1 in Shields
  5790 | D:5      | Found a hide-covered altar of Uskayaw.
  6111 | D:6      | Noticed Pikel
  6124 | D:6      | Killed Pikel
  6125 | D:6      | Reached XP level 8. HP: 21/48 MP: 2/14
  6198 | D:6      | Reached skill level 7 in Conjurations
  6344 | D:6      | Found a glowing drain.
  6348 | Sewer    | Entered a sewer
  6648 | D:6      | Found a staircase to the Ecumenical Temple.
  6712 | Temple   | Entered the Ecumenical Temple
  6895 | D:6      | Noticed Grinder
  6904 | D:5      | Paralysed by Grinder for 5 turns
  7024 | D:6      | Reached skill level 5 in Spellcasting
  7130 | D:6      | Found an iron altar of Okawaru.
  7433 | D:7      | Reached XP level 9. HP: 45/52 MP: 7/16
  7687 | D:7      | Learned a level 4 spell: Iskenderun's Mystic Blast
  7784 | D:7      | Reached skill level 1 in Armour
  7792 | D:7      | Reached skill level 5 in Fighting
  8026 | D:7      | Reached skill level 1 in Translocations
  8509 | D:8      | Found a flagged portal.
  8514 | D:8      | Reached skill level 8 in Conjurations
  8530 | Bailey   | Entered a bailey
  9109 | Bailey   | Noticed an orc knight
  9248 | Bailey   | Killed an orc knight
  9249 | Bailey   | Reached XP level 10. HP: 23/60 MP: 6/19
  9410 | Bailey   | Reached skill level 5 in Hexes
  9579 | Bailey   | Identified the +0 pair of boots "Daucev" {rC+ Str+3 Dex+3}
 10514 | D:8      | Found Xabask's Armour Boutique.
 11280 | D:9      | Learned a level 7 spell: Storm Form
 11345 | D:9      | Reached skill level 1 in Transmutations
 11345 | D:9      | Reached skill level 1 in Air Magic
 11796 | D:9      | Noticed a centaur warrior
 11810 | D:9      | Slain by a centaur warrior

Illustrated notes

Levels and vault maps discovered:
D:1:      evilmike_arrival_crescent, layout_basic
D:2:      layout_loops_ring
D:3:      layout_basic, grunt_temple_overflow_open
D:4:      kennysheep_the_goblin_king, layout_basic
D:5:      layout_loops_cross, nicolae_uskayaw_suspiria, serial_shops,
          shop_coins, hellmonk_ghost_happy_afterlife, uniq_blork_the_orc
D:6:      layout_basic, general_overflow_altar, minmay_temple_entry_metal_lava,
          gup_sewer_entry_spiral, uniq_pikel, uniq_grinder
D:7:      layout_loops_ring, kennysheep_generic_room_6
D:8:      layout_loops_ring, serial_shops, nicolae_shop_window_shopping,
          enter_bailey_7
D:9:      minmay_the_grid_triangle_9x9_recursive_2
          [minmay_the_grid_triangle_9x9_prize_insulated,
          minmay_the_grid_triangle_9x9_from_above,
          minmay_the_grid_triangle_9x9_windchime,
          minmay_the_grid_triangle_9x9_impossible_snake], layout_stronghold,
          grunt_gozag_statues, david_lair_shrubbed
Temple:   nicolae_temple_ecumenical_triangle

Skill      XL: |  1  2  3  4  5  6  7  8  9 10 |
---------------+-------------------------------+-----
Conjurations   | 5 6 7 8 |  8.0
Spellcasting   | 3 4 5 6 |  6.9
Fighting       | 1 2 3 4 6 7 |  7.1
Hexes          | 1 2 3 4 5 |  5.8
Summonings     | 1 2 3 |  3.1
Shields        | 3 4 |  4.0
Armour         | 3 4 |  4.7
Translocations | 2 4 |  4.0
Transmutations | 1 |  1.7
Air Magic      | 1 |  1.6
Dodging        | |  1.5
Stealth        | |  2.1

Action                   |  1- 3 |  4- 6 |  7- 9 | 10-12 || total
-------------------------+-------+-------+-------+-------++-------
Melee: Unarmed           |     2 |       |       |       ||     2
       Mace              |    12 |    19 |       |    21 ||    52
       Punch             |       |     1 |       |       ||     1
       Club              |       |     1 |    16 |     1 ||    18
 Cast: Magic Dart        |    45 |    92 |    70 |     8 ||   215
       Searing Ray       |     4 |    21 |    54 |    34 ||   113
       Fulminant Prism   |       |     1 |     2 |    12 ||    15
       Iskenderun's Myst |       |       |       |     3 ||     3
       Summon Guardian G |       |       |       |     3 ||     3
  Use: Potion            |       |     1 |       |     1 ||     2
       Scroll            |       |       |       |     9 ||     9
 Stab: Sleeping          |       |     1 |       |       ||     1
Armor: Robe              |    16 |    31 |    35 |     1 ||    83
       Leather armour    |       |       |       |    74 ||    74
Dodge: Dodged            |    40 |    57 |    44 |    69 ||   210
Block: Buckler           |       |       |    32 |    40 ||    72

Table legend: (Time is in decaauts)
 A = Elapsed time spent in this place.
 B = Non-inter-level travel time spent in this place.
 C = Inter-level travel time spent in this place.
 D = Time resting spent in this place.
 E = Time spent auto-exploring this place.
 F = Levels seen in this place.
 G = Mean time per level.
                   A        B        C        D        E       F      G
               +--------+--------+--------+--------+--------+-----+--------+
         Total |  11917 |  11652 |    265 |   2449 |   7230 |  12 |  993.1 |
       Dungeon |  10579 |  10315 |    264 |   1801 |   6899 |   9 | 1175.4 |
        Temple |     38 |     38 |      0 |      0 |      0 |   1 |   38.0 |
         Sewer |    126 |    126 |      0 |      0 |    100 |   1 |  126.0 |
        Bailey |   1173 |   1173 |      0 |    648 |    231 |   1 | 1173.0 |
               +--------+--------+--------+--------+--------+-----+--------+

Top non-repeatable levels by time:
     D:1: 1528 daAuts
     D:4: 1487 daAuts
     D:6: 1269 daAuts
     D:9: 1251 daAuts
  Bailey: 1173 daAuts
     D:2: 1101 daAuts
     D:7: 1080 daAuts
     D:5: 1054 daAuts
     D:8: 1025 daAuts
     D:3: 780 daAuts
   Sewer: 126 daAuts
  Temple: 38 daAuts
